 Dungeon Crawl Stone Soup version 0.20-a0-555-gf6ae02d (webtiles) character file.

103 Lahna the Skirmisher (level 4, -8/37 HPs)
             Began as a Demonspawn Abyssal Knight on Feb 5, 2017.
             Was a Believer of Lugonu.
             Killed by divine providence
             ... invoked by an orc priest
              (16 damage)
             ... on level 3 of the Dungeon.
             The game lasted 00:04:21 (2454 turns).

Lahna the Skirmisher (Demonspawn Abyssal Knight)    Turns: 2454, Time: 00:04:22

Health: -8/37      AC:  3    Str: 17    XL:     4   Next: 51%
Magic:  5/5        EV: 11    Int: 14    God:    Lugonu [**....]
Gold:   133        SH:  0    Dex: 12    Spells: 3/3 levels left

rFire    . . .     SeeInvis .   a - +1 falchion
rCold    . . .     Gourm    .   b - +0 leather armour
rNeg     . . .     Faith    .   (no shield)
rPois    .         Spirit   .   (helmet restricted)
rElec    .         Reflect  .   (no cloak)
rCorr    .         Harm     .   (no gloves)
MR       .....     Clarity  +   (no boots)
Stlth    +......... Rnd*Tele +  (no amulet)
Regen    0.2/turn               (no ring)
                                n - ring of teleportation (curse)

@: lethally poisoned (-8 -> -14)
A: antennae 1, hooves 1, clarity, low mp 1, strong 2
a: Depart the Abyss, Bend Space, Renounce Religion


You were on level 3 of the Dungeon.
You worshipped Lugonu.
Lugonu was pleased with you.
You were not hungry.

You visited 1 branch of the dungeon, and saw 3 of its levels.
You visited the Abyss 1 time.

You collected 133 gold pieces.

Inventory:

Hand Weapons
 a - a +1 falchion (weapon)
Armour
 b - a +0 leather armour (worn)
 i - a +0 buckler
Jewellery
 n - a cursed ring of teleportation (left hand)
Scrolls
 e - 4 scrolls of remove curse {unknown}
 k - a scroll of magic mapping {unknown}
Potions
 j - 2 potions of haste
 l - a potion of curing
Comestibles
 c - 2 bread rations
 f - 4 fruits
 g - 2 meat rations
 h - 4 chunks of flesh


   Skills:
 + Level 4.1 Fighting
 + Level 2.9 Long Blades
 - Level 2.1 Armour
 - Level 0.8 Dodging
 - Level 3.1 Invocations


You had 3 spell levels left.
You didn't know any spells.

Dungeon Overview and Level Annotations

Branches:
Dungeon (3/15)

Altars:


Innate Abilities, Weirdness & Mutations

You have a pair of small antennae on your head.
You have large cloven feet.
You possess an exceptional clarity of mind.
Your magical capacity is low. (-10% MP)
Your muscles are very strong. (Str +4)


Message History

You feel sick. The orc hits you with a mace.
* * * LOW HITPOINT WARNING * * *
The adder barely misses you. The orc misses you.
The orc hits you with a hand axe.
* * * LOW HITPOINT WARNING * * *
An orc priest comes into view. It is wielding a dagger.
You feel sick. The adder bites you.
* * * LOW HITPOINT WARNING * * *
The adder misses you.
You feel sick. The adder bites you.
* * * LOW HITPOINT WARNING * * *
You barely miss the adder.
The orc priest shouts!
You kick the adder, but do no damage.
The adder is heavily wounded.
You feel sick.
The orc priest invokes the aid of Beogh against you.
Beogh smites you!
You die...

#+# #.# #@#
##S##
##ooo##
#####.....#
.........##
###.##...#
#. #...# #
#..o.
##..##


You could see an orc priest, an adder and 3 orcs.

Vanquished Creatures
  A gnoll (D:1)
  3 adders (D:2)
  2 oozes
  2 worms (D:2)
  A dart slug (D:2)
  6 bats
  2 giant cockroaches
  10 hobgoblins
  2 jackals (D:1)
  2 quokkas (D:2)
  2 ball pythons (D:1)
  2 frilled lizards
  5 goblins (D:1)
  4 kobolds
  7 rats
51 creatures vanquished.

Notes
Turn   | Place    | Note
-------+----------+-------------------------------------------
     0 | Abyss:1  | Lahna the Demonspawn Abyssal Knight began the quest for the Orb.
     0 | Abyss:1  | Reached XP level 1. HP: 18/18 MP: 2/2
    64 | Abyss:1  | Noticed a large abomination
    66 | D:1      | Escaped the Abyss
   144 | D:1      | Reached * piety under Lugonu
   353 | D:1      | Gained mutation: You have large cloven feet. [demonic ancestry]
   353 | D:1      | Reached XP level 2. HP: 13/24 MP: 4/4
   607 | D:1      | Gained mutation: You have a pair of small antennae on your head. [demonic ancestry]
   607 | D:1      | Reached XP level 3. HP: 21/29 MP: 5/5
  1098 | D:2      | HP: 1/29 [poisoned by an adder]
  1438 | D:2      | Reached XP level 4. HP: 28/37 MP: 6/6
  1810 | D:2      | Reached ** piety under Lugonu
  1860 | D:2      | Reached skill level 4 in Fighting
  2408 | D:3      | Gained mutation: You are dopey. (Int -2) [potion of mutation]
  2408 | D:3      | Gained mutation: Your muscles are strong. (Str +2) [potion of mutation]
  2408 | D:3      | Gained mutation: You possess an exceptional clarity of mind. [potion of mutation]
  2409 | D:3      | Gained mutation: Your magical capacity is low. (-10% MP) [potion of mutation]
  2409 | D:3      | Gained mutation: Your muscles are very strong. (Str +4) [potion of mutation]
  2409 | D:3      | Lost mutation: You are dopey. (Int -2) [potion of mutation]
  2454 | D:3      | Killed from afar by an orc priest

Vault maps used:
D:1:      mrwooster_arrival_statue_2
D:2:      hangedman_decor_clover_reticule
D:3:      lemuel_crystal_altar, marbit_many_paths, dk_yredelemnul_ordeal

Skill      XL: |  1  2  3  4 |
---------------+-------------+-----
Armour         | 2 |  2.1
Invocations    | 3 |  3.1
Long Blades    | 2 |  2.9
Fighting       | 4 |  4.1
Dodging        | |  0.8

Action                   |  1- 3 |  4- 6 || total
-------------------------+-------+-------++-------
Melee: Falchion          |    81 |    67 ||   148
       Kick              |     6 |    22 ||    28
Invok: Depart the Abyss  |     1 |       ||     1
  Use: Scroll            |       |     3 ||     3
       Potion            |       |     2 ||     2
  Eat: Chunk             |     2 |     3 ||     5
Armor: Leather armour    |    22 |    13 ||    35
Dodge: Dodged            |    82 |    55 ||   137
       Rpst.: Falchion   |    26 |    18 ||    44
